 Dungeon Crawl Stone Soup version 0.27.1-34-g3ba077fa99 (webtiles) character file.

Game seed: 8587284923792474861

106 Labrat the Magician (level 5, -3/37 HPs)
             Began as a Human Hedge Wizard on Jan 12, 2022.
             Shot with a stone by a goblin (5 damage)
             ... led by Robin
             ... on level 2 of the Dungeon.
             The game lasted 00:17:03 (4417 turns).

Labrat the Magician (Human Hedge Wizard)            Turns: 4417, Time: 00:17:04

Health: -3/37      AC:  4    Str: 10    XL:     5   Next: 10%
Magic:  10/10      EV: 12    Int: 15    God:
Gold:   27         SH:  0    Dex: 13    Spells: 5/10 levels left

rFire    . . .     SeeInvis .   a - +0 dagger
rCold    . . .     Faith    .   (no shield)
rNeg     . . .     Spirit   .   b - +0 robe
rPois    .         Reflect  .   c - +0 hat
rElec    .         Harm     .   l - +1 cloak
rCorr    .         Rampage  .   (no gloves)
Will     .....                  (no boots)
Stlth    ++........             (no amulet)
HPRegen  0.12/turn              (no ring)
MPRegen  0.12/turn              (no ring)

@: no status effects
A: no striking features
a: no special abilities


You were on level 2 of the Dungeon.
You visited 1 branch of the dungeon, and saw 3 of its levels.

You collected 27 gold pieces.

Inventory:

Hand Weapons
 a - a +0 dagger (weapon)
Armour
 b - a +0 robe (worn)
 c - a +0 hat (worn)
 l - a +1 cloak (worn)
Jewellery
 k - a ring of ice
Scrolls
 d - 3 scrolls of teleportation {unknown}
 e - a scroll of amnesia {unknown}
 f - a scroll of noise {unknown}
 g - a scroll of fog {unknown}
 h - 2 scrolls of identify {unknown}
 i - a scroll of enchant weapon {unknown}
Potions
 j - a potion of cancellation {unknown}
 m - a potion of mutation {unknown}


   Skills:
 + Level 1.6 Fighting
 + Level 2.5 Dodging
 - Level 2.0 Stealth
 + Level 3.3 Spellcasting
 + Level 1.9 Conjurations
 + Level 2.0 Summonings
 + Level 2.0 Translocations


You had 5 spell levels left.
You knew the following spells:

 Your Spells              Type           Power      Damage    Failure   Level
a - Magic Dart            Conj           32%        1d4       9%          1
b - Blink                 Tloc           N/A        N/A       13%         2
c - Call Imp              Summ           8%         N/A       13%         2

Your spell library contained the following spells:

 Spells                   Type           Power      Damage    Failure   Level
 Searing Ray              Conj           16%        3d3       13%         2
 Call Canine Familiar     Summ           8%         N/A       26%         3
 Slow                     Hex            2%         N/A       28%         2
 Conjure Flame            Conj/Fire      5%         6-21      36%         3
 Portal Projectile        Hex/Tloc       10%        N/A       36%         3
 Mephitic Cloud           Conj/Pois/Air  4%         N/A       41%         3
 Confusing Touch          Hex            2%         N/A       50%         3
 Fulminant Prism          Conj/Hex       2%         3d6       78%         4
 Leda's Liquefaction      Hex/Erth       1%         N/A       88%         4
 Yara's Violent Unravell  Hex/Tmut       1%         3d3       99%         5


Dungeon Overview and Level Annotations

Branches:
Dungeon (3/15)

Altars:
Xom

Shops:
D:2 (

Annotations:
D:2 Robin, Sigmund
D:3 exclusion: orc wizard


Message History

You hear some strange, mumbled words.
A magic dart appears from out of thin air!
The magic dart hits you.
You closely miss something. Something hits you but does no damage.
You barely miss something. Something hits you.
You miss something. Something hits you.
You miss something. Something hits you.
You closely miss something. Something hits you but does no damage.
You closely miss something. Something hits you but does no damage.
You miss something.
You hear some strange, mumbled words.
Something tries to affect you, but you resist.
You hit something.
You hear some strange, mumbled words.
Something tries to affect you, but you resist.
You closely miss something. Something hits you.
You miss something. Something hits you.
You hit something.
You hear some strange, mumbled words.
A puff of flame appears from out of thin air!
The puff of flame hits you!
* * * LOW HITPOINT WARNING * * *
Your white imp misses something.
There is a stone staircase leading up, spattered with blood here.
You climb upwards.
Level annotation: Robin, Sigmund Reactivating autopickup.
Robin shouts!
The goblin shouts!
Robin throws the goblin at you! The goblin hits you but does no damage.
There is a stone staircase leading down here.
The goblin shouts!
Robin throws the goblin at you!
* * * LOW HITPOINT WARNING * * *
The goblin closely misses you. The goblin completely misses you.
Robin throws the goblin at you!
* * * LOW HITPOINT WARNING * * *
The goblin hits you but does no damage.
The goblin unwields a +0 club.
The goblin wields a +0 hunting sling.
The goblin shoots a stone.
The stone hits you.
You die...

########## #g...g.gg#
#>######.# #######
#########.######@#
#.....#
.......#......##.#
#.###.#
.#####.#..###.##.# #.#
#.# .# #...g###.##.#
#.# #.# .#
#........##.# #.# #.#
.# #.#####..##.# #.#
#.# .#####.#
#..##.##### ###.###.#
.......# #.........#
#.....#.# ###.####
#.###.###.####.###...#


You could see 2 goblins.

Vanquished Creatures
  3 adders
  2 worms (D:2)
  2 dart slugs
  2 orcs
  5 bats
  3 endoplasms
  2 giant cockroaches
  8 goblins
  7 hobgoblins
  A quokka (D:1)
  5 ball pythons
  5 frilled lizards
  2 kobolds
  4 rats
51 creatures vanquished.

Vanquished Creatures (collateral kills)
  Terence (D:1)
  An orc (D:1)
2 creatures vanquished.

Grand Total: 53 creatures vanquished

Notes
Turn   | Place    | Note
-------+----------+-------------------------------------------
     0 | D:1      | Labrat the Human Hedge Wizard began the quest for the Orb.
     0 | D:1      | Reached XP level 1. HP: 13/13 MP: 4/4
   205 | D:1      | Reached XP level 2. HP: 20/20 MP: 4/6
   926 | D:1      | Reached XP level 3. HP: 25/25 MP: 3/7
   929 | D:1      | Learned a level 2 spell: Blink
   932 | D:1      | Learned a level 2 spell: Call Imp
   972 | D:1      | Reached skill level 1 in Fighting
  1435 | D:2      | Noticed Terence
  1437 | D:2      | Noticed Robin
  1970 | D:2      | Reached XP level 4. HP: 32/32 MP: 0/8
  2061 | D:2      | Found Tezumuil's Antique Weapon Shoppe.
  2310 | D:2      | Noticed Sigmund
  3091 | D:1      | Killed Terence
  3535 | D:3      | Found a shimmering altar of Xom.
  3542 | D:3      | Found a radiant altar of Vehumet.
  3542 | D:3      | Found a glowing golden altar of the Shining One.
  3544 | D:3      | Found a bloodstained altar of Trog.
  3544 | D:3      | Found a hide-covered altar of Uskayaw.
  3544 | D:3      | Found a hazy altar of Hepliaklqana.
  4140 | D:3      | Reached XP level 5. HP: 33/37 MP: 1/10
  4417 | D:2      | Shot with a stone by a goblin

Illustrated notes

Levels and vault maps discovered:
D:1:      onia_arrival_pyramid, layout_loops_ring, minmay_pentomino_q2
D:2:      layout_loops_ring, serial_shops, shop, uniq_robin, uniq_terence,
          uniq_sigmund
D:3:      layout_rooms, doesnt_xom_only_xom

Skill      XL: |  1  2  3  4  5 |
---------------+----------------+-----
Fighting       | 1 |  1.6
Translocations | 2 |  2.0
Summonings     | 2 |  2.0
Dodging        | |  2.5
Stealth        | |  2.0
Spellcasting   | |  3.3
Conjurations   | |  1.9

Action                   |  1- 3 |  4- 6 || total
-------------------------+-------+-------++-------
Melee: Dagger            |    39 |    59 ||    98
 Cast: Magic Dart        |    80 |    67 ||   147
       Call Imp          |       |     6 ||     6
       Blink             |       |     2 ||     2
 Stab: Sleeping          |       |     1 ||     1
Armor: Robe              |     2 |    10 ||    12
Dodge: Dodged            |    17 |    38 ||    55
